Map: [ESL] Oceanborn

Players

eGGz

  • Race: Zerg Zerg
  • Spawn Location: 11:00

Scarlett - Winner!

  • Race: Zerg Zerg
  • Spawn Location: 5:00

Event: ESL SC2 Masters 2023 Winter (Regional)

VOD

Have the link to the VOD?

Description

Time

  • Played on: Nov. 10, 2023, 1:31 p.m.
  • Length: 7:03

All games in this series

Show
View Real Time Build Order
Export as new Build Order

eGGz Zerg 

Build Orders: Hatch First 

Get SALT Encoding   

  12  0:00  Drone  
  13  0:12  Overlord  
  13  0:17  Drone  
  14  0:31  Drone x2  
  16  0:39  Drone  
  17  0:51  Hatchery  
  17  0:54  Drone  
  17  1:00  Drone  
  18  1:08  Extractor  
  17  1:13  Spawning Pool  
  17  1:15  Drone  
  17  1:19  Drone  
  18  1:29  Drone  
  19  1:44  Drone  
  20  1:50  Drone  
  21  2:03  Queen x2  
  21  2:04  Zergling x2  
  21  2:05  Zergling x2  
  27  2:12  Drone  
  28  2:15  Overlord  
  28  2:22  Extractor, Drone  
  29  2:34  Drone x2  
  29  2:36  Drone  
  32  2:43  Lair  
  32  2:47  Drone x2  
  34  2:56  Drone  
  35  2:59  Drone  
  35  3:00  Roach Warren  
  35  3:03  Evolution Chamber  
  34  3:08  Drone x2  
  36  3:18  Overlord  
  36  3:20  Extractor x2, Queen  
  36  3:22  Evolution Chamber  
  36  3:23  Drone  
  36  3:31  Zerg Missile Weapons Level 1  
  35  3:37  Drone x6  
  41  3:43  Glial Reconstitution  
  41  3:44  Roach  
  41  3:48  Overlord x2  
  43  3:55  Overlord  
  43  4:02  Roach  
  44  4:03  Overlord  
  44  4:07  Roach x2  
  48  4:11  Roach  
  48  4:13  Overlord  
  48  4:16  Roach  
  52  4:20  Roach  
  52  4:27  Roach  
  52  4:28  Roach  
  52  4:30  Roach  
  58  4:33  Roach  
  58  4:38  Roach x2  
  64  4:45  Roach x2  
  68  4:47  Roach  
  70  4:54  Roach  
  70  4:59  Roach x2  
  76  5:00  Overlord  
  76  5:03  Extractor  
  76  5:04  Ravager  
  77  5:16  Roach  
  77  5:20  Roach x5  
  83  5:22  Ravager  
  79  5:31  Ravager  
  79  5:33  Ravager  
  79  5:34  Roach  
  79  5:35  Roach  
  83  5:40  Roach  
  81  5:50  Roach x2  
  75  5:57  Roach  
  75  6:00  Roach  
  75  6:02  Queen x2  
  74  6:08  Roach  
  68  6:17  Roach x2  
  68  6:18  Ravager  
  69  6:21  Ravager  
  69  6:22  Roach  
  69  6:25  Roach  
  66  6:28  Ravager  
  60  6:33  Roach  
  60  6:37  Roach  
Show
View Real Time Build Order
Export as new Build Order

Scarlett Zerg - Winner!

Build Orders: Hatch First 

Get SALT Encoding   

  12  0:00  Drone  
  13  0:12  Overlord  
  13  0:17  Drone  
  14  0:31  Drone x2  
  16  0:47  Hatchery  
  15  0:51  Drone  
  15  0:55  Drone  
  17  0:58  Drone  
  18  1:09  Extractor  
  17  1:13  Spawning Pool  
  17  1:17  Drone  
  17  1:19  Drone  
  18  1:28  Drone  
  19  1:39  Drone  
  20  1:50  Drone  
  21  1:59  Drone  
  21  2:00  Queen x2, Overlord  
  26  2:09  Metabolic Boost  
  26  2:11  Zergling x2  
  26  2:12  Drone  
  28  2:20  Drone  
  28  2:22  Drone  
  30  2:32  Zergling x2  
  30  2:36  Zergling x2  
  32  2:40  Hatchery  
  32  2:42  Drone  
  32  2:48  Queen  
  34  2:54  Overlord  
  33  3:06  Drone x2  
  33  3:12  Drone x7  
  42  3:20  Evolution Chamber  
  42  3:21  Zergling x4  
  43  3:33  Overlord  
  43  3:42  Overlord  
  43  3:44  Drone  
  43  3:45  Extractor  
  43  3:46  Drone  
  44  3:50  Drone, Roach Warren  
  44  3:52  Drone x3  
  47  3:58  Drone x2  
  49  4:05  Overlord  
  49  4:06  Drone x2  
  49  4:07  Lair  
  51  4:12  Drone  
  51  4:13  Drone x4  
  55  4:18  Extractor x2  
  55  4:22  Drone x4  
  55  4:33  Drone x6  
  61  4:39  Roach  
  61  4:40  Roach x2  
  67  4:45  Overlord  
  67  4:46  Overlord x2  
  67  4:51  Roach x2  
  71  4:56  Roach, Spine Crawler  
  72  5:03  Spine Crawler  
  72  5:04  Roach x3  
  72  5:06  Roach  
  79  5:09  Roach x3  
  85  5:17  Roach x4  
  85  5:19  Roach  
  88  5:21  Roach  
  88  5:23  Roach x2  
  88  5:27  Roach  
  88  5:32  Roach x3  
  88  5:35  Roach  
  88  5:42  Roach x4  
  88  5:53  Roach x4  
  88  5:54  Roach  
  86  5:58  Roach  
  84  6:05  Roach x2  
  76  6:11  Roach  
  76  6:13  Queen, Roach  
  76  6:15  Roach  
  76  6:21  Roach, Queen  
  74  6:26  Roach x2  
  74  6:31  Roach  
  76  6:40  Roach  
  76  6:41  Roach x2  
Tags
 
Add a new tag
Caveats
  • Supply blocks, unpowered buildings, or Contaminate may cause inaccurate times.
  • Supply counts are checked every 10 seconds.